 Dungeon Crawl Stone Soup version 0.31-a0-187-gba352fbbf7 (webtiles) character file.

Game seed: 1672127590036502303

41 qw the Shooter (level 3, -4/20 HPs)
             Began as a Deep Elf Hunter on June 22, 2023.
             Succumbed to their own poison gas
             ... on level 1 of the Dungeon.
             The game lasted 00:00:19 (639 turns).

qw the Shooter (Deep Elf Hunter)                     Turns: 639, Time: 00:00:19

Health: -4/20      AC:  3    Str: 10    XL:     3   Next: 32%
Magic:  5/5        EV: 12    Int: 13    God:
Gold:   20         SH:  0    Dex: 18    Spells: 2/2 levels left

rFire   . . .        Y - +0 shortbow
rCold   . . .        (shield currently unavailable)
rNeg    . . .        c - +0 leather armour
rPois   .            (no helmet)
rElec   .            (no cloak)
rCorr   .            (no gloves)
SInv    .            (no boots)
Will    .....        (no amulet)
Stlth   ++           (no ring)
HPRegen 0.23/turn    (no ring)
MPRegen 0.09/turn

%: no passive effects
@: lethally poisoned (-4 -> -52), on berserk cooldown, slowed, very slow
A: no striking features
a: no special abilities


You were on level 1 of the Dungeon.
You visited 1 branch of the dungeon, and saw 1 of its levels.

You collected 20 gold pieces.


   Skills:
 - Level 1.5 Fighting
 + Level 6.9 Ranged Weapons
 - Level 2.4 Dodging
 - Level 1.2 Stealth


You had 2 spell levels left.
You didn't know any spells.
Your spell library was empty.

Inventory:

Hand Weapons
 Y - a +0 shortbow (weapon)
Armour
 c - a +0 leather armour (worn)
Scrolls
 a - a scroll of identify
 b - a scroll of butterflies
Potions
 d - a potion of berserk rage
 h - a potion of curing {unknown}

Dungeon Overview and Level Annotations

Branches:
Dungeon (1/15)

Altars:


Message History

Done exploring.
631 ||| DROPPING ring of magical power.
You drop a ring of magical power.
Done exploring.
632 ||| READING 2 scrolls labelled NEUMMI YLIFOOM.
As you read the scroll labelled NEUMMI YLIFOOM, it crumbles to dust.
It is a scroll of identify.
Really abort (and waste the scroll)?
Done exploring.
633 ||| READING scroll labelled PEIMUYW QIRUUR.
The air fills with toxic fumes!
As you read the scroll labelled PEIMUYW QIRUUR, it crumbles to dust.
It was a scroll of poison.
Done exploring.
634 ||| READING scroll labelled DIXZIR RUNAE.
As you read the scroll labelled DIXZIR RUNAE, it crumbles to dust.
You feel momentarily disoriented.
It was a scroll of revelation.
Enter note:
Enter note:
Enter note: Done exploring.
635 ||| DRINKING 2 inky potions.
It was a potion of berserk rage.
A red film seems to cover your vision as you go berserk!
You feel yourself moving faster!
You feel mighty!
Really walk into that cloud of poison gas?
You feel a strong urge to attack something.
You are engulfed in poison gas.
You are poisoned.
You feel very sick.
You are engulfed in poison gas.
You are lethally poisoned!
You feel very sick.
You feel your anger nearly subside.
You are engulfed in poison gas.
You are more poisoned.
You feel very sick.
You are engulfed in poison gas.
You are more poisoned.
You are no longer berserk.
You are exhausted.
You feel yourself slow down.
You die...

#.#### #.# #.# ..# #######
#.# ######.....#
.##########.....¤..#.#######
##...........}..¤}.#.#######
##.#####.###..###¤.#¤#######
##.# #.# #..#¤@¤...#######
##.## #.###..###0¤#.#######
#..# #.....¤¤¤¤¤¤#.#######
##.# #####.¤¤¤¤0¤0¤...####
###.##############.#=##.####
..........########.#¤##.####
###.#.###......###.#.¤..####
###.#.###......###.###¤.####
....#.#........###....¤¤####


There were no monsters in sight!

Vanquished Creatures
  2 dart slugs (D:1)
  2 bats (D:1)
  An endoplasm (D:1)
  3 giant cockroaches (D:1)
  4 goblins (D:1)
  A hobgoblin (D:1)
  10 jackals (D:1)
  5 kobolds (D:1)
  A quokka (D:1)
  A ball python (D:1)
  A rat (D:1)
31 creatures vanquished.

Notes
Turn   | Place    | Note
-------+----------+-------------------------------------------
     0 | D:1      | qw the Deep Elf Hunter began the quest for the Orb.
     0 | D:1      | Reached XP level 1. HP: 12/12 MP: 3/3
     0 | D:1      | 0 ||| qw: Version: 0.3-a-9-g12657ce
     0 | D:1      | 0 ||| qw: Game counter: 2437
     0 | D:1      | 0 ||| qw: Always use a shield: true
     0 | D:1      | 0 ||| qw: God list: Okawaru
     0 | D:1      | 0 ||| qw: Allow faded altars: false
     0 | D:1      | 0 ||| qw: Do Orc after D:15 true
     0 | D:1      | 0 ||| qw: Do second Lair branch before Depths: true
     0 | D:1      | 0 ||| qw: Lair rune preference: random
     0 | D:1      | 0 ||| qw: Plans: Normal
     0 | D:1      | 0 ||| PLANNING D:1-11
   156 | D:1      | Reached skill level 6 in Ranged Weapons
   156 | D:1      | Reached XP level 2. HP: 16/16 MP: 4/4
   355 | D:1      | Reached XP level 3. HP: 20/20 MP: 5/5
   631 | D:1      | 631 ||| DROPPING ring of magical power.
   632 | D:1      | 632 ||| READING 2 scrolls labelled NEUMMI YLIFOOM.
   633 | D:1      | 633 ||| READING scroll labelled PEIMUYW QIRUUR.
   634 | D:1      | 634 ||| READING scroll labelled DIXZIR RUNAE.
   635 | D:1      | 635 ||| DRINKING 2 inky potions.
   639 | D:1      | HP: 7/30 [cloud of poison gas (1)]
   639 | D:1      | Succumbed to their own poison gas

Levels and vault maps discovered:
D:1:      scummos_arrival_simple_fountains, layout_loops_cross,
          nrook_loot_triangle

Skill      XL: |  1 |
---------------+----+-----
Ranged Weapons | 6 |  6.9
Fighting       | |  1.5
Dodging        | |  2.4
Stealth        | |  1.2

Action                     || total
---------------------------++-------
   Fire: Shortbow          ||    75
    Use: Scroll            ||     3
         Potion            ||     1
 Armour: Leather armour    ||    10
  Dodge: Dodged            ||    15

Table legend:
 A = Non-vault XP
 B = Vault XP
 C = Vault XP percentage of total XP
 D = Non-vault monster count
 E = Vault monster count
 F = Vault count percentage of total count
                 A         B        C        D         E       F
            +---------+---------+-------+---------+---------+-------
      Total |      59 |       0 |   0.0 |      31 |       0 |   0.0
            +---------+---------+-------+---------+---------+-------
        D:1 |      59 |       0 |   0.0 |      31 |       0 |   0.0
            +---------+---------+-------+---------+---------+-------
